 Dungeon Crawl Stone Soup version 0.25-a0-189-gf71692caf1 (webtiles) character file.

Game seed: 8359178222017268570, levelgen mode: deterministic

335962 Faustar the Executioner (level 20, -4/209 HPs)
             Began as a Minotaur Berserker on Nov 29, 2019.
             Was the Champion of Trog.
             Killed by divine providence
             ... invoked by a deep elf high priest
              (15 damage)
             ... on level 5 of the Vaults.
             The game lasted 01:52:43 (42534 turns).

Faustar the Executioner (Minotaur Berserker)       Turns: 42534, Time: 01:52:43

Health: -4/209     AC: 32    Str: 30    XL:     20   Next: 97%
Magic:  19/19      EV: 10    Int:  6    God:    Trog [******]
Gold:   788        SH:  5    Dex: 20    Spells: 19/19 levels left

rFire    + . .     SeeInvis .   b - +5 executioner's axe (elec)
rCold    + + .     Gourm    .   (shield currently unavailable)
rNeg     + + .     Faith    .   I - +5 plate armour "Tibodint" {rN++ Str+2 Dex+3}
rPois    +         Spirit   .   (helmet restricted)
rElec    +         Reflect  +   Q - scarf {rC+ rF+}
rCorr    .         Harm     .   t - +2 pair of gloves
MR       +....                  P - +2 pair of boots
Stlth    ..........             C - +5 amulet of reflection
HPRegen  1.44/turn              V - ring of Kahitocs {+Fly rC+ Dex+3}
MPRegen  0.16/turn              E - ring "Ibesej" {rElec rPois Int+2 Dex+3}

@: vulnerable, marked, regenerating
A: retaliatory headbutt, horns 2, clumsy 1
}: 2/15 runes: decaying, gossamer
a: Berserk, Trog's Hand, Brothers in Arms, Renounce Religion, Evoke Flight


You were on level 5 of the Vaults.
You worshipped Trog.
Trog was exalted by your worship.
You were near starving.

You visited 7 branches of the dungeon, and saw 37 of its levels.
You also visited: Sewer, Bailey and Gauntlet.

You collected 3582 gold pieces.
You spent 2794 gold pieces at shops.

Inventory:

Hand Weapons
 b - a +5 executioner's axe of electrocution (weapon)
 M - a +6 battleaxe of flaming
Armour
 t - a +2 pair of gloves (worn)
 I - the +5 plate armour "Tibodint" (worn) {rN++ Str+2 Dex+3}
   (You found it on level 7 of the Dungeon)

   It affects your strength (+2).
   It affects your dexterity (+3).
   It greatly protects you from negative energy.
 P - a +2 pair of boots (worn)
 Q - a scarf of resistance (worn)
 U - the +2 ratskin cloak {+Rats rPois rN+ Str-1 Int-1 Dex+1}
   (You found it on level 6 of the Dungeon)

   It affects your strength (-1).
   It affects your intelligence (-1).
   It affects your dexterity (+1).
   It protects you from poison.
   It protects you from negative energy.
Jewellery
 k - an uncursed amulet of regeneration
 l - the ring of Moweo {*Drain +Fly rF+ MP+9 Int+4}
   (You found it on level 13 of the Dungeon)

   [ring of magical power]

   It affects your intelligence (+4).
   It protects you from fire.
   It affects your magic capacity (+9).
   It lets you fly.
   It causes draining when unequipped.
 w - an uncursed ring of positive energy
 A - an uncursed ring of see invisible
 B - a +6 ring of dexterity
 C - a +5 amulet of reflection (around neck)
 E - the ring "Ibesej" (right hand) {rElec rPois Int+2 Dex+3}
   (You acquired it on level 14 of the Dungeon)

   [ring of intelligence]

   It affects your intelligence (+2).
   It affects your dexterity (+3).
   It insulates you from electricity.
   It protects you from poison.
 V - the ring of Kahitocs (left hand) {+Fly rC+ Dex+3}
   (You bought it in a shop on level 2 of the Orcish Mines)

   [ring of flight]

   It affects your dexterity (+3).
   It protects you from cold.
   It lets you fly.
 X - an uncursed ring of protection from magic
Wands
 i - a wand of random effects (40)
 r - a wand of paralysis (18)
 u - a wand of acid (49)
 G - a wand of flame (125)
 L - a wand of iceblast (20)
 R - a wand of enslavement (17)
 T - a wand of digging (5)
 W - a wand of clouds (18)
Scrolls
 d - 17 scrolls of remove curse
 f - 4 scrolls of magic mapping
 j - 2 scrolls of holy word
 m - 8 scrolls of enchant armour
 p - 6 scrolls of enchant weapon
 s - 14 scrolls of teleportation
 y - a scroll of brand weapon
 D - a scroll of summoning
 K - 4 scrolls of fear
 O - a scroll of silence
 Z - 2 scrolls of identify
Potions
 a - 6 potions of brilliance
 e - 2 potions of agility
 g - 8 potions of lignification
 h - 18 potions of curing
 q - 2 potions of might
 v - 4 potions of mutation
 x - 4 potions of ambrosia
 z - 6 potions of flight
 F - a potion of cancellation
 H - a potion of resistance
 J - 3 potions of haste
 N - 3 potions of invisibility
Comestibles
 c - 37 rations


   Skills:
 + Level 24.7 Fighting
 - Level 26.2 Axes
 - Level 21.0 Armour
 - Level 2.1 Dodging
 - Level 2.1 Stealth
   Level 0.4 Shields


You had 19 spell levels left.
You didn't know any spells.
Your spell library was empty.

Dungeon Overview and Level Annotations

Branches:
Dungeon (15/15)            Temple (1/1) D:7            Lair (6/6) D:10
  Swamp (4/4) Lair:4       Spider (4/4) Lair:4        Slime (0/5) Lair:5
    Orc (2/2) D:9             Elf (0/3) Orc:2        Vaults (5/5) D:13
  Crypt (0/3) Vaults:2      Sewer (visited)          Bailey (visited)
Gauntlet (visited)
 Depths: D:15

Altars:
Ashenzari
Cheibriados
Dithmenos
Elyvilon
Gozag
Ru
Sif Muna
Trog
Uskayaw
Vehumet
Wu Jian
Xom
Yredelemnul
Beogh
Jiyva

Shops:
D:13 :   Orc:2 %(*[:%   Vaults:1 [   Vaults:2 ?   Vaults:4 [

Annotations:
D:10 2 transporters, Daoxeitut's ghost, journeyman GnSk
D:12 Frances
Swamp:2 1 runed translucent door, Uhueg's ghost, adept MiBe


Innate Abilities, Weirdness & Mutations

You reflexively headbutt those who attack you in melee.
You have a pair of horns on your head.
You are clumsy. (Dex -2)


Message History

Your deep troll bites the deep elf high priest but does no damage.
Your deep troll claws the deep elf high priest.
Your deep troll completely misses the deep elf high priest.
The frost giant points at you and mumbles some strange words.
The bolt of cold hits you! You resist.
* * * LOW HITPOINT WARNING * * *
As you read the scroll of fear, it crumbles to dust.
You assume a fearsome visage.
The frost giant looks frightened!
The deep elf high priest looks frightened!
The frost giant resists with some effort.
The yaktaur captain looks frightened!
The frost giant howls in fear.
Your deep troll bites the deep elf high priest but does no damage.
Your deep troll's attack snaps the deep elf high priest out of its fear.
Your deep troll claws the deep elf high priest!
Your deep troll completely misses the deep elf high priest.
The deep elf high priest shouts, "You must be punished!"
The deep elf high priest calls down the wrath of its god upon you.
Something smites you!
You die...

#....#####
#.C.......
#.........
#........
#......
#.T..#####
#..e......
#@C# #..#
#..# #..#
#..# #..#
#..# #..#
#..#


You could see 2 frost giants, a deep elf high priest and a friendly deep troll
(berserk).

Vanquished Creatures
  An ancient lich (Vaults:5)
  Boris (Vaults:3)
  the Lernaean hydra (Swamp:4)
  Xtahua (Vaults:3)
  Saint Roka (Vaults:1)
  Nikola (Swamp:4)
  A tentacled monstrosity (Vaults:5)
  2 titans (Vaults:5)
  A lich (Vaults:2)
  2 sphinxes
  Kirke (D:12)
  4 thorn hunters
  A shadow dragon (Vaults:5)
  A storm dragon (Vaults:5)
  4 tengu reavers
  2 frost giants (Vaults:5)
  A fire giant (Vaults:3)
  An iron dragon (Vaults:4)
  Louise (Spider:3)
  9 vault wardens
  4 ghost moths (Spider:4)
  6 emperor scorpions (Spider:4)
  6 very ugly things
  11 ironheart preservers
  3 stone giants
  2 entropy weavers
  A vampire knight (Vaults:2)
  A war gargoyle (Vaults:5)
  3 deep elf demonologists
  Nessos (D:12)
  5 ettins
  A crystal guardian (Vaults:5)
  3 fire dragons
  Josephine (D:10)
  2 deep elf death magi
  3 great orbs of eyes
  6 yaktaur captains
  Erolcha (D:10)
  21 hydras
  An ice dragon (Vaults:3)
  14 ogre magi
  A rakshasa (Vaults:3)
  24 vault guards (Vaults:5)
  Fannar (D:10)
  A catoblepas (Lair:6)
  Harold (D:7)
  A hydra (shapeshifter) (D:15)
  A ghost crab (Swamp:2)
  5 centaur warriors
  A shambling mangrove (Swamp:4)
  A death knight (D:15)
  3 death yaks (Lair:6)
  3 tengu warriors
  6 alligators
  34 two-headed ogres
  3 orc high priests (Orc:2)
  Urug (D:12)
  10 spriggans
  3 deep elf knights
  A spriggan berserker (Swamp:2)
  3 shadow wraiths
  A fire crab (shapeshifter) (Vaults:3)
  An unseen horror (shapeshifter) (D:13)
  9 skeletal warriors
  4 unseen horrors
  2 spriggan druids
  9 swamp dragons
  A deep troll (Vaults:2)
  A wizard (D:14)
  A phantasmal warrior (Vaults:3)
  3 lindwurms
  3 deep elf archers
  3 harpies (Vaults:2)
  15 ironbrand convokers
  28 ugly things
  A necromancer (Vaults:1)
  14 orb spiders
  32 wolf spiders
  15 orc knights
  An oklob plant (Lair:3)
  5 orc sorcerers
  10 deep elf magi
  A salamander (D:15)
  A cyclops (shapeshifter) (Vaults:4)
  5 cyclopes
  2 moths of wrath
  3 manticores
  22 elephants
  5 black mambas
  A centaur zombie (D:15)
  An elephant (shapeshifter) (Vaults:5)
  A stone giant skeleton (Vaults:1)
  17 vault sentinels
  20 spiny frogs
  2 centaur skeletons (D:15)
  A gargoyle (D:12)
  Psyche (D:12)
  An efreet (D:14)
  4 torpor snails
  3 rime drakes (Lair:6)
  26 yaktaurs
  An entropy weaver simulacrum (Vaults:3)
  A tengu conjurer (D:13)
  4 freezing wraiths
  A human zombie (Vaults:1)
  6 komodo dragons
  14 demonic crawlers
  2 trolls (shapeshifter)
  6 trolls
  3 polar bears
  2 meliai (shapeshifter)
  A jumping spider (shapeshifter) (D:15)
  35 jumping spiders
  A queen bee (shapeshifter) (Vaults:1)
  A wolf spider simulacrum (D:14)
  Grinder (D:5)
  13 tyrant leeches
  A polar bear (shapeshifter) (Vaults:4)
  13 hornets
  18 blink frogs
  A blink frog (shapeshifter) (Vaults:3)
  20 slime creatures
  18 bog bodies
  11 dream sheep
  18 hippogriffs
  A stone giant simulacrum (Vaults:4)
  3 shadows
  27 tarantellas
  59 redbacks
  A tarantella (shapeshifter) (D:15)
  2 vampires
  3 basilisks
  2 wyverns
  4 wraiths
  61 yaks
  A basilisk (shapeshifter) (D:14)
  A human (shapeshifter) (Vaults:5)
  Eustachio (D:6)
  28 vampire mosquitoes
  A steam dragon (D:12)
  2 hungry ghosts
  4 wargs
  3 insubstantial wisps (Lair:1)
  An acid dragon (D:15)
  3 soldier ants
  12 swamp worms
  A human simulacrum (Vaults:1)
  10 porcupines
  10 water moccasins
  40 orc warriors
  15 swamp drakes
  4 sky beasts
  A black bear (shapeshifter) (Vaults:1)
  4 ice beasts
  An eye of draining (D:15)
  2 black bears (D:8)
  32 ogres
  39 wolves
  A centaur (shapeshifter) (Vaults:1)
  15 crocodiles
  12 centaurs
  9 big kobolds
  2 gnoll sergeants
  15 bullfrogs
  A glowing shapeshifter simulacrum (Vaults:2)
  2 wyvern skeletons
  A scorpion (D:7)
  11 killer bees
  8 wights
  A howler monkey (D:10)
  5 electric eels
  5 crimson imps
  4 bullfrog zombies
  A lava snake (Lair:5)
  4 bullfrog skeletons
  7 hounds
  6 jellies
  23 orc wizards
  2 quasits
  14 orc priests
  A gnoll shaman (D:10)
  6 iguanas
  Natasha (thrice) (D:2)
  7 worker ants
  A hell rat (D:6)
  A killer bee zombie (D:6)
  2 hound zombies
  2 hound skeletons
  Robin (D:2)
  19 gnolls
  12 adders
  11 river rats
  3 shadow imps
  An ufetubus (Vaults:4)
  4 oozes
  An adder zombie (D:7)
  2 adder skeletons
  3 worms
  2 dart slugs (D:2)
  8 leopard geckos
  79 orcs
  8 ball pythons
  10 bats
  8 giant cockroaches
  16 goblins
  8 hobgoblins
  11 jackals
  50 kobolds
  4 quokkas
  6 frilled lizards
  A jackal skeleton (D:4)
  A leopard gecko zombie (D:7)
  A quokka skeleton (D:4)
  38 rats
  2 briar patches (Swamp:2)
  4 fungi
  7 plants
1577 creatures vanquished.

Vanquished Creatures (collateral kills)
  Aizul (Vaults:1)
  A phantasmal warrior (Vaults:5)
  A manticore (shapeshifter) (Vaults:1)
  A stone giant zombie (Vaults:1)
  A cyclops (D:12)
  A vault sentinel (Vaults:5)
  A stone giant skeleton (Vaults:1)
  An orc wizard (D:12)
  2 worker ants (D:12)
  2 orcs (D:12)
12 creatures vanquished.

Vanquished Creatures (others)
  A deep elf knight (Vaults:3)
  4 humans (D:12)
  An orc priest (Orc:2)
  An orc (Vaults:1)
  A briar patch (Swamp:4)
  35 fungi
  20 plants
63 creatures vanquished.

Grand Total: 1652 creatures vanquished

Notes
Turn   | Place    | Note
-------+----------+-------------------------------------------
     0 | D:1      | Faustar the Minotaur Berserker began the quest for the Orb.
     0 | D:1      | Reached XP level 1. HP: 19/19 MP: 0/0
   151 | D:1      | Reached skill level 4 in Axes
   501 | D:1      | Reached XP level 2. HP: 23/26 MP: 1/1
   994 | D:2      | Noticed Natasha
   997 | D:2      | Noticed a crimson imp
   999 | D:2      | Killed Natasha
   999 | D:2      | Reached skill level 5 in Axes
   999 | D:2      | Reached XP level 3. HP: 21/31 MP: 2/2
  1129 | D:2      | Noticed Natasha
  1136 | D:2      | Killed Natasha
  1136 | D:2      | Reached skill level 1 in Stealth
  1136 | D:2      | Reached XP level 4. HP: 37/39 MP: 3/3
  1218 | D:2      | Reached skill level 6 in Axes
  1273 | D:2      | Noticed Robin
  1284 | D:2      | Killed Robin
  1284 | D:2      | Reached ** piety under Trog
  1698 | D:2      | Noticed Natasha
  1712 | D:2      | Killed Natasha
  1712 | D:2      | Reached XP level 5. HP: 34/45 MP: 4/4
  2018 | D:2      | Found a shattered altar of Ashenzari.
  2152 | D:3      | Reached skill level 7 in Axes
  2438 | D:3      | Found a sacrificial altar of Ru.
  3182 | D:4      | Reached *** piety under Trog
  3196 | D:4      | Reached XP level 6. HP: 47/51 MP: 5/5
  3316 | D:4      | Found an ornate altar of the Wu Jian Council.
  3387 | D:4      | Reached skill level 8 in Axes
  4028 | D:5      | Entered Level 5 of the Dungeon
  4113 | D:5      | Found a white marble altar of Elyvilon.
  4126 | D:5      | Found a snail-covered altar of Cheibriados.
  4158 | D:5      | Found a hide-covered altar of Uskayaw.
  4272 | D:5      | Noticed Grinder
  4274 | D:5      | Paralysed by Grinder for 4 turns
  4280 | D:5      | Paralysed by Grinder for 7 turns
  4318 | D:5      | Killed Grinder
  4318 | D:5      | Reached skill level 9 in Axes
  4318 | D:5      | Reached XP level 7. HP: 52/57 MP: 3/6
  4407 | D:5      | Reached skill level 10 in Axes
  4417 | D:5      | Found a shadowy altar of Dithmenos.
  4656 | D:5      | Found a shimmering altar of Xom.
  4774 | D:6      | Found a glowing drain.
  4803 | Sewer    | Entered a sewer
  4992 | Sewer    | Reached **** piety under Trog
  5101 | Sewer    | Reached skill level 11 in Axes
  5101 | Sewer    | Reached XP level 8. HP: 57/64 MP: 7/7
  5298 | D:6      | Received a gift from Trog
  5317 | D:6      | Noticed Eustachio
  5353 | D:6      | Killed Eustachio
  5668 | D:6      | Reached skill level 5 in Fighting
  5696 | D:6      | Found the +2 ratskin cloak {+Rats rPois rN+ Str-1 Int-1
                  | Dex+1}
  6050 | D:6      | Got a jewelled chain mail
  6057 | D:6      | Identified the cursed +1 chain mail "Bykkufer" {rElec} (You
                  | found it on level 6 of the Dungeon)
  6347 | D:7      | Reached ***** piety under Trog
  6658 | D:7      | Found a basalt altar of Yredelemnul.
  6690 | D:7      | Found a transporter.
  6714 | D:7      | Found a transporter.
  6730 | D:7      | Noticed Harold
  6732 | D:7      | Noticed a hippogriff
  6739 | D:7      | Reached XP level 9. HP: 81/81 MP: 8/8
  6756 | D:7      | Killed Harold
  7074 | D:7      | Found a shimmering blue altar of Sif Muna.
  7158 | D:7      | Found a staircase to the Ecumenical Temple.
  7169 | D:7      | Got a warped plate armour
  7170 | D:7      | Identified the +5 plate armour "Tibodint" {rN++ Str+2
                  | Dex+3} (You found it on level 7 of the Dungeon)
  7307 | Temple   | Entered the Ecumenical Temple
  7512 | D:8      | Reached skill level 10 in Armour
  7583 | D:8      | Noticed a two-headed ogre
  7598 | D:8      | Killed a two-headed ogre
  7598 | D:8      | Reached XP level 10. HP: 88/88 MP: 7/9
  7696 | D:8      | Received a gift from Trog
  8185 | D:8      | Noticed a two-headed ogre
  8192 | D:8      | Killed a two-headed ogre
  8382 | D:9      | Received a gift from Trog
  8445 | D:9      | Noticed a two-headed ogre
  8453 | D:9      | Killed a two-headed ogre
  8453 | D:9      | Reached skill level 12 in Axes
  8954 | D:9      | Reached XP level 11. HP: 83/94 MP: 8/10
  8963 | D:9      | Reached skill level 13 in Axes
  9577 | D:9      | Found a staircase to the Orcish Mines.
  9791 | D:10     | Entered Level 10 of the Dungeon
  9917 | D:10     | Noticed a two-headed ogre
  9932 | D:10     | Killed a two-headed ogre
  9932 | D:10     | Reached skill level 14 in Axes
  9936 | D:10     | Reached ****** piety under Trog
  9943 | D:10     | You fall into a shaft and drop 1 floor!
 10197 | D:10     | Noticed Erolcha
 10203 | D:10     | Killed Erolcha
 10273 | D:10     | Noticed Fannar
 10310 | D:10     | Killed Fannar
 10310 | D:10     | Reached skill level 15 in Axes
 10388 | D:10     | Noticed Daoxeitut's ghost (journeyman GnSk)
 10390 | D:10     | Found a bloodstained altar of Trog.
 10406 | D:10     | Found a transporter.
 10413 | D:10     | Found a transporter.
 10452 | D:10     | Noticed a two-headed ogre
 10463 | D:10     | Killed a two-headed ogre
 10488 | D:10     | Found a staircase to the Lair.
 10497 | D:10     | Noticed a two-headed ogre
 10502 | D:10     | Killed a two-headed ogre
 10502 | D:10     | Reached skill level 16 in Axes
 10974 | D:10     | Reached XP level 12. HP: 101/101 MP: 11/11
 11081 | D:10     | Noticed Josephine
 11086 | D:10     | Killed Josephine
 11086 | D:10     | Reached skill level 17 in Axes
 11282 | D:11     | Received a gift from Trog
 11826 | D:11     | Reached skill level 18 in Axes
 12326 | D:12     | Noticed Urug
 12334 | D:12     | Killed Urug
 12425 | D:12     | Noticed Kirke
 12432 | D:12     | Noticed Psyche
 12435 | D:12     | Noticed Nessos
 12437 | D:12     | Killed Kirke
 12437 | D:12     | Reached skill level 19 in Axes
 12438 | D:12     | Noticed Frances
 12669 | D:12     | Received a gift from Trog
 13008 | Lair:1   | Entered Level 1 of the Lair of Beasts
 13032 | Lair:1   | Found a gate leading to a gauntlet.
 13046 | Gauntlet | Entered a Gauntlet
 13046 | Gauntlet | Found a transporter.
 13055 | Gauntlet | Found a transporter.
 13058 | Gauntlet | Noticed a hell hog
 13073 | Gauntlet | Found a transporter.
 13083 | Gauntlet | Found a transporter.
 13107 | Gauntlet | Found a transporter.
 13110 | Gauntlet | Found a transporter.
 13114 | Gauntlet | Found a transporter.
 13115 | Gauntlet | Found a transporter.
 13115 | Gauntlet | Noticed a hell hog
 13138 | Gauntlet | Found a transporter.
 13163 | Gauntlet | Found a transporter.
 13165 | Gauntlet | Found a transporter.
 13173 | Gauntlet | Found a transporter.
 13579 | Lair:1   | Reached XP level 13. HP: 107/107 MP: 12/12
 14183 | Lair:2   | Reached skill level 20 in Axes
 15015 | Lair:3   | Received a gift from Trog
 15307 | Lair:3   | Reached skill level 10 in Fighting
 16433 | Lair:4   | Found a staircase to the Swamp.
 16613 | Lair:4   | Found a hole to the Spider Nest.
 17349 | Lair:5   | Reached skill level 15 in Armour
 17926 | Lair:5   | Reached XP level 14. HP: 106/126 MP: 13/13
 18175 | Lair:5   | Found a viscous altar of Jiyva.
 18175 | Lair:5   | Found a staircase to the Slime Pits.
 18372 | Lair:6   | Entered Level 6 of the Lair of Beasts
 19165 | Lair:6   | Reached skill level 15 in Fighting
 20242 | Orc:1    | Entered Level 1 of the Orcish Mines
 20374 | Orc:2    | Entered Level 2 of the Orcish Mines
 20374 | Orc:2    | Found a staircase to the Elven Halls.
 20512 | Orc:2    | Found Alecw's Food Shoppe.
 20556 | Orc:2    | Received a gift from Trog
 20559 | Orc:2    | Got a bloodstained halberd {god gift}
 20581 | Orc:1    | Identified the +4 halberd "Jeosutsi" {drain, MR+ Int-2
                  | SInv} (Trog gifted it to you on level 2 of the Orcish
                  | Mines)
 20720 | Orc:2    | Found Siqaihor's Food Emporium.
 21184 | Orc:2    | Gained mutation: You are clumsy. (Dex -2) [a neqoxec]
 21340 | Orc:2    | Paralysed by an orc sorcerer for 7 turns
 21426 | Orc:1    | Found a roughly hewn altar of Beogh.
 21507 | Orc:2    | Reached XP level 15. HP: 147/147 MP: 14/14
 21545 | Orc:2    | Found Gejit's Weapon Shop.
 21545 | Orc:2    | Found Pyenuh's Assorted Antiques.
 21547 | Orc:2    | Found Noroasuh's Antique Armour Shop.
 21547 | Orc:2    | Found Fostaf's Book Shoppe.
 22349 | Swamp:1  | Entered Level 1 of the Swamp
 22352 | Swamp:1  | Noticed a thorn hunter
 22363 | Swamp:1  | Killed a thorn hunter
 23360 | Swamp:2  | Found a runed translucent door.
 23361 | Swamp:2  | Found a shimmering altar of Xom.
 23361 | Swamp:2  | Noticed Uhueg's ghost (adept MiBe)
 23530 | Swamp:2  | Noticed a thorn hunter
 23538 | Swamp:2  | Killed a thorn hunter
 23797 | Swamp:2  | Received a gift from Trog
 24570 | Swamp:3  | Noticed a thorn hunter
 24581 | Swamp:3  | Killed a thorn hunter
 25558 | Swamp:4  | Entered Level 4 of the Swamp
 25764 | Swamp:4  | Received a gift from Trog
 26328 | Swamp:4  | Reached XP level 16. HP: 157/162 MP: 15/15
 26532 | Swamp:4  | Noticed the 27-headed Lernaean hydra
 26602 | Swamp:4  | Killed the 25-headed Lernaean hydra
 26602 | Swamp:4  | Reached skill level 21 in Axes
 26843 | Swamp:4  | Noticed a thorn hunter
 26876 | Swamp:4  | Killed a thorn hunter
 27089 | Swamp:4  | Noticed Nikola
 27100 | Swamp:4  | Killed Nikola
 27345 | Swamp:4  | Reached skill level 22 in Axes
 27433 | Swamp:4  | Got a decaying rune of Zot
 27952 | D:12     | Killed Psyche
 28175 | D:12     | Killed Nessos
 28220 | D:13     | Found Dejexama's Book Shoppe.
 28506 | D:13     | Found a gate to the Vaults.
 28578 | D:13     | Received a gift from Trog
 28643 | D:13     | Got a slimy steel ring
 28986 | D:14     | Reached skill level 23 in Axes
 29329 | D:14     | Found a flagged portal.
 29374 | D:14     | Identified the ring of Moweo {*Drain +Fly rF+ MP+9 Int+4}
                  | (You found it on level 13 of the Dungeon)
 29378 | D:14     | Identified a scroll of acquirement
 29379 | D:14     | Got an ancient silver ring
 29381 | D:14     | Identified the ring "Ibesej" {rElec rPois Int+2 Dex+3} (You
                  | acquired it on level 14 of the Dungeon)
 29396 | Bailey   | Entered a bailey
 30061 | D:15     | Entered Level 15 of the Dungeon
 30478 | D:15     | Reached XP level 17. HP: 170/170 MP: 16/16
 31076 | Orc:2    | Bought a brightly glowing crystal plate armour for 2550
                  | gold pieces
 31086 | Orc:2    | Identified the cursed +0 crystal plate armour "Liurus"
                  | {Dex+4} (You bought it in a shop on level 2 of the Orcish
                  | Mines)
 31120 | Orc:2    | Bought a wavering steel ring for 140 gold pieces
 31121 | Orc:2    | Identified the ring of Kahitocs {+Fly rC+ Dex+3} (You
                  | bought it in a shop on level 2 of the Orcish Mines)
 31381 | Spider:1 | Entered Level 1 of the Spider Nest
 31747 | Spider:1 | Got a twisted glaive
 31748 | Spider:1 | Identified the +3 glaive of the Land of Plenty {pain, rF+++
                  | MP-9 SInv} (You found it on level 1 of the Spider Nest)
 31799 | Spider:2 | Received a gift from Trog
 31950 | Spider:2 | Received a gift from Trog
 32432 | Spider:2 | Lost intelligence.
 32998 | Spider:3 | Noticed Louise
 33010 | Spider:3 | Killed Louise
 33867 | Spider:4 | Entered Level 4 of the Spider Nest
 35126 | Spider:4 | Reached XP level 18. HP: 167/178 MP: 17/17
 35402 | Spider:4 | Got a gossamer rune of Zot
 35715 | Vaults:1 | Entered Level 1 of the Vaults
 36047 | Vaults:1 | Noticed Saint Roka
 36061 | Vaults:1 | Killed Saint Roka
 36195 | Vaults:1 | Received a gift from Trog
 36203 | Vaults:1 | Got a jewelled war axe {god gift}
 36204 | Vaults:1 | Identified the +1 war axe "Zappocy" {chop, *Drain rPois rF-
                  | rN+++} (Trog gifted it to you on level 1 of the Vaults)
 36306 | Vaults:1 | Noticed Aizul
 36329 | Vaults:1 | Killed Aizul
 36679 | Vaults:1 | Found Rasoc's Antique Armour Emporium.
 37333 | Vaults:2 | Received a gift from Trog
 37338 | Vaults:2 | Reached skill level 24 in Axes
 38057 | Vaults:2 | Found Ozups's Magic Scroll Shoppe.
 38061 | Vaults:2 | Bought a scroll of identify for 26 gold pieces
 38061 | Vaults:2 | Bought 3 scrolls of identify for 78 gold pieces
 38105 | Vaults:2 | Reached skill level 25 in Axes
 38158 | Vaults:2 | Found a staircase to the Crypt.
 38167 | Vaults:2 | Reached XP level 19. HP: 171/185 MP: 18/18
 38252 | Vaults:2 | Received a gift from Trog
 39035 | Vaults:3 | Reached skill level 26 in Axes
 39186 | Vaults:3 | Noticed Boris
 39216 | Vaults:3 | Killed Boris
 39350 | Vaults:3 | Received a gift from Trog
 39598 | Vaults:3 | Identified the +5 spear of Arphetapy {pierce, +Fly MR-
                  | Stlth+}
 40006 | Vaults:3 | Noticed Xtahua
 40031 | Vaults:3 | Killed Xtahua
 40679 | Vaults:4 | Received a gift from Trog
 40882 | Vaults:4 | Reached XP level 20. HP: 171/200 MP: 19/19
 41401 | Vaults:4 | Identified the cursed +0 robe of Midwinter {+Inv Regen+
                  | Int-2 Stlth+}
 41660 | Vaults:4 | Received a gift from Trog
 41865 | Vaults:4 | Found Zukuizaj's Antique Armour Boutique.
 42117 | Vaults:5 | Entered Level 5 of the Vaults
 42485 | Vaults:5 | Noticed an ancient lich
 42486 | Vaults:5 | Noticed a golden dragon
 42499 | Vaults:5 | Killed an ancient lich
 42530 | Vaults:5 | HP: 9/209 [frost giant/bolt of cold (14)]
 42530 | Vaults:5 | HP: 2/209 [frost giant/+1 battleaxe of freezing (7)]
 42534 | Vaults:5 | Killed from afar by a deep elf high priest

Levels and vault maps discovered:
D:1:      nzn_arrival_settlement, layout_basic
D:2:      layout_basic, lemuel_crystal_altar, minmay_split_cup_small,
          uniq_natasha, uniq_robin
D:3:      layout_basic, lemuel_round_altar, first_ration
D:4:      layout_basic, lemuel_doored_altar, serial_curves, eino_curves_02,
          eino_curves_01, hangedman_abyss_or_decor_lesser_grid
D:5:      layout_gridville, old_standard_altar,
          nicolae_overflow_quartered_altars, minmay_misc_feat_hallway,
          uniq_grinder
D:6:      wander_guarded_unrand_ratskin, layout_basic, portal_sewer_entry_f,
          uniq_eustachio
D:7:      gammafunk_steamed_eel, layout_rooms, overflow_temple_1_default,
          kennysheep_mini, minmay_temple_entry_junction, uniq_harold
D:8:      layout_gridville
D:9:      layout_stronghold, david_orc_4
D:10:     layout_loops_corners, grunt_lair_entry_orc_guard_hut,
          gammafunk_ghost_wrathful_warriors, uniq_josephine, uniq_erolcha,
          uniq_fannar
D:11:     layout_roguey
D:12:     layout_loops_ring, uniq_nessos, uniq_frances, uniq_kirke, uniq_psyche,
          uniq_urug
D:13:     layout_rooms, david_vaults_4, serial_shops, shop
D:14:     layout_irregular_city, enter_bailey_6, hangedman_decor_clover_reticule
D:15:     hangedman_depths_entry_try_elsewhere_first, layout_rooms, st_stairs_11
Temple:   nicolae_temple_hex_pool
Lair:1:   layout_small_grid, gauntlet_entry_generic, pond
Lair:2:   layout_loops_ring, grunt_megastairs_1
Lair:3:   layout_long_grid, serial_bayou_ford_a, grunt_forest_large_clearings
Lair:4:   layout_layer_cave, swamp_mist, spider_nest_entry_web_field
Lair:5:   layout_gridlike, slime_altar_1, infiniplex_staircase_pool
Lair:6:   hangedman_lair_in_review, layout_cave_pods, st_stairs_11,
          serial_bayou_shore_b, lemuel_fruit_fields
Swamp:1:  layout_basic_swamp, hangedman_swamp_blocks
Swamp:2:  cheibrodos_swamp_heart_of_darkness, layout_falls_marsh,
          ebering_ghost_xom, evilmike_swamp_ruin_house_2, swamp_pool3
Swamp:3:  layout_basic_swamp, hangedman_swamp_cone
Swamp:4:  grunt_swamp_rune_castle, layout_basic_swamp,
          infiniplex_staircase_pool_2, uniq_nikola
Spider:1: layout_spider_delve
Spider:2: layout_spider_delve, nicolae_spider_shape
Spider:3: layout_chambers, drop_trap, nicolae_spider_cling_ruins, uniq_louise
Spider:4: grunt_spider_rune_circles
Orc:1:    layout_diamond_mine, basic_altar, minmay_orc_temple_b
Orc:2:    grunt_orc_tribal_feast, layout_diamond_mine, serial_shops, shop, shop
Vaults:1: nicolae_vaults_halls_meeting, v_misc_11,
          nicolae_vaults_ring_of_whatevers, nicolae_vaults_specimen_jars,
          vaults_room_corners, v_misc_23, vaults_room_grunt_arrival_ludios,
          vaults_room_pool, layout_vaults_big_room, serial_shops, shop,
          uniq_aizul, uniq_saint_roka
Vaults:2: v_rooms_3, minmay_crypt_entry_simple_corners,
          nicolae_vaults_three_branches, v_misc_33, ontoclasm_vaults_shout,
          hangedman_vaults_variations, ontoclasm_vaults_shuriken, v_misc_8,
          v_misc_32, v_misc_33, vaults_room_semicircle,
          vaults_dpeg_encased_lava, layout_vaults_ring, serial_shops,
          shop_statue
Vaults:3: nicolae_vaults_rhombus_7, ontoclasm_vaults_ring_small,
          nicolae_vaults_mini_display_case, ontoclasm_vaults_bender,
          hangedman_vaults_stagger, v_misc_4, v_misc_10, v_misc_12,
          ontoclasm_vaults_hangar, ontoclasm_vaults_idyll,
          layout_vaults_omnigrid, uniq_xtahua, uniq_boris
Vaults:4: v_pattern_5, v_misc_29, vaults_room_fours,
          hangedman_vaults_corner_blocks, serial_ice_b, v_rooms_2, v_misc_27,
          hangedman_vaults_nails, vaults_room_pools, layout_vaults_omnibox,
          serial_shops, shop
Vaults:5: serial_shops

Skill      XL: |  1  2  3  4  5  6  7  8  9 10 11 12 13 14 15 16 17 18 19 20 |
---------------+-------------------------------------------------------------+-----
Axes           | 4 5 6 7 9 11 12 16 19 20 23 25 26 | 26.2
Stealth        | 1 2 |  2.1
Fighting       | 8 12 17 20 21 24 | 24.7
Armour         | 3 11 13 15 19 21 | 21.0
Dodging        | |  2.1
Shields        | |  0.4

Action                   |  1- 3 |  4- 6 |  7- 9 | 10-12 | 13-15 | 16-18 | 19-21 || total
-------------------------+-------+-------+-------+-------+-------+-------+-------++-------
Melee: Hand axe          |    31 |   166 |       |       |       |       |       ||   197
       Headbutt          |     3 |    27 |    49 |   146 |   228 |   301 |   173 ||   927
       War axe           |       |    38 |   335 |   265 |       |       |       ||   638
       Battleaxe         |       |       |       |    91 |   319 |   142 |       ||   552
       Executioner's axe |       |       |       |   154 |   425 |   895 |   504 ||  1978
Invok: Trog's Hand       |       |     1 |     4 |     6 |    10 |    21 |     9 ||    51
       Berserk           |       |       |     4 |     7 |     7 |     5 |     5 ||    28
       Brothers in Arms  |       |       |       |     1 |       |     1 |     1 ||     3
 Abil: Evoke Flight      |       |       |       |       |    17 |    13 |       ||    30
       Evoke Ratskin     |       |       |       |       |     1 |       |       ||     1
       Stop Flying       |       |       |       |       |       |     2 |       ||     2
Evoke: Wand              |       |       |       |     1 |    17 |     5 |     4 ||    27
  Use: Scroll            |       |       |    19 |     5 |    13 |    18 |     4 ||    59
       Potion            |       |       |     1 |       |     2 |     9 |    10 ||    22
 Stab: Confused          |       |       |       |       |     1 |     1 |     3 ||     5
       Distracted        |       |       |       |       |       |       |     3 ||     3
  Eat: Chunk             |     1 |     9 |    12 |    26 |    23 |    37 |    11 ||   119
       Ration            |       |       |     1 |     2 |     9 |     5 |     3 ||    20
Armor: Animal skin       |     1 |       |       |       |       |       |       ||     1
       Chain mail        |     2 |    93 |   202 |       |       |       |       ||   297
       Plate armour      |       |       |    44 |   310 |   507 |   876 |   283 ||  2020
Dodge: Dodged            |    26 |    80 |   155 |   184 |   291 |   456 |   169 ||  1361
Block: Other             |       |       |       |    61 |   175 |   215 |    66 ||   517
       Reflection        |       |       |       |     3 |     4 |     2 |     8 ||    17

Table legend:
 A = Non-vault XP
 B = Vault XP
 C = Vault XP percentage of total XP
 D = Non-vault monster count
 E = Vault monster count
 F = Vault count percentage of total count
                 A         B        C        D         E       F
            +---------+---------+-------+---------+---------+-------
      Total |  312617 |  269790 |  46.3 |    1068 |     508 |  32.2
            +---------+---------+-------+---------+---------+-------
        D:1 |      13 |       0 |   0.0 |       7 |       0 |   0.0
        D:2 |     160 |      74 |  31.6 |      30 |      15 |  33.3
        D:3 |     123 |       0 |   0.0 |      27 |       0 |   0.0
        D:4 |     211 |       0 |   0.0 |      18 |       0 |   0.0
        D:5 |     241 |     290 |  54.6 |       7 |       1 |  12.5
        D:6 |     566 |     331 |  36.9 |      16 |      28 |  63.6
        D:7 |    1501 |    1073 |  41.7 |      31 |       3 |   8.8
        D:8 |    4112 |       0 |   0.0 |      43 |       0 |   0.0
        D:9 |    4114 |     646 |  13.6 |      45 |      15 |  25.0
       D:10 |    6693 |    4414 |  39.7 |      51 |      11 |  17.7
       D:11 |    4863 |       0 |   0.0 |      45 |       0 |   0.0
       D:12 |    1827 |    4770 |  72.3 |      22 |       4 |  15.4
       D:13 |   10293 |    3347 |  24.5 |      35 |       4 |  10.3
       D:14 |   10615 |       0 |   0.0 |      37 |       0 |   0.0
       D:15 |    9375 |    2486 |  21.0 |      26 |       5 |  16.1
     Lair:1 |    2576 |    1548 |  37.5 |      11 |       9 |  45.0
     Lair:2 |    2354 |    1476 |  38.5 |      16 |       8 |  33.3
     Lair:3 |    7439 |    3623 |  32.8 |      25 |      25 |  50.0
     Lair:4 |    3085 |       0 |   0.0 |      14 |       0 |   0.0
     Lair:5 |   10622 |    1015 |   8.7 |      37 |       1 |   2.6
     Lair:6 |   13697 |   11645 |  46.0 |      47 |      23 |  32.9
    Swamp:1 |   11664 |       0 |   0.0 |      22 |       0 |   0.0
    Swamp:2 |    9222 |    5647 |  38.0 |      23 |       8 |  25.8
    Swamp:3 |   11551 |       0 |   0.0 |      31 |       0 |   0.0
    Swamp:4 |   11752 |   26126 |  69.0 |      34 |      34 |  50.0
   Spider:1 |    8701 |       0 |   0.0 |      27 |       0 |   0.0
   Spider:2 |    9167 |    3545 |  27.9 |      27 |       8 |  22.9
   Spider:3 |   20178 |    1715 |   7.8 |      64 |       1 |   1.5
   Spider:4 |    8827 |   27516 |  75.7 |      26 |      42 |  61.8
      Orc:1 |    2867 |       0 |   0.0 |      15 |       0 |   0.0
      Orc:2 |    1259 |    7722 |  86.0 |      14 |      29 |  67.4
   Vaults:1 |   13307 |   22241 |  62.6 |      35 |      38 |  52.1
   Vaults:2 |   32122 |   32166 |  50.0 |      47 |      41 |  46.6
   Vaults:3 |   38736 |   18538 |  32.4 |      61 |      14 |  18.7
   Vaults:4 |   33083 |   24830 |  42.9 |      46 |      32 |  41.0
   Vaults:5 |    5701 |   59689 |  91.3 |       6 |      45 |  88.2
      Sewer |       0 |     332 | 100.0 |       0 |      48 | 100.0
     Bailey |       0 |    2985 | 100.0 |       0 |      16 | 100.0
            +---------+---------+-------+---------+---------+-------
